 Dungeon Crawl Stone Soup version 0.24-a0-250-g6074511 (webtiles) character file.

Game seed: 6106030138106457419

243 Borgoz the Cutter (level 6, -1/38 HPs)
             Began as a Kobold Gladiator on Apr 14, 2019.
             Killed by nerve-wracking pain
             ... invoked by an orc priest
              (5 damage)
             ... on level 4 of the Dungeon.
             The game lasted 00:02:50 (1881 turns).

Borgoz the Cutter (Kobold Gladiator)                Turns: 1881, Time: 00:02:51

Health: -1/38      AC:  4    Str: 19    XL:     6   Next: 31%
Magic:  6/6        EV: 20    Int:  9    God:
Gold:   166        SH:  0    Dex: 16    Spells: 5/5 levels left

rFire    . . .     SeeInvis .   a - +0 rapier
rCold    . . .     Gourm    .   (shield restricted)
rNeg     . . .     Faith    .   b - +0 leather armour
rPois    .         Spirit   .   c - +0 helmet
rElec    .         Reflect  .   (no cloak)
rCorr    .         Harm     .   (no gloves)
MR       .....                  (no boots)
Stlth    ++........             (no amulet)
HPRegen  0.12/turn              l - ring of stealth
MPRegen  0.10/turn              q - +3 ring of evasion

@: mighty, very slightly contaminated
A: small, carnivore
a: no special abilities


You were on level 4 of the Dungeon.
You were completely stuffed.

You visited 1 branch of the dungeon, and saw 4 of its levels.

You collected 166 gold pieces.

Inventory:

Hand Weapons
 a - a +0 rapier (weapon)
 e - a +0 vampiric dagger
Missiles
 d - 2 throwing nets (quivered)
Armour
 b - a +0 leather armour (worn)
 c - a +0 helmet (worn)
Jewellery
 l - a ring of stealth (left hand)
 q - a +3 ring of evasion (right hand)
Scrolls
 g - a scroll of enchant armour {unknown}
 h - 2 scrolls of fear {unknown}
 j - 2 scrolls of identify
 m - a scroll of blinking
 t - a scroll of teleportation {unknown}
Potions
 i - a potion of brilliance
 o - a potion of lignification {unknown}
 s - a potion of invisibility {unknown}
Comestibles
 f - 4 rations
 r - 2 chunks of flesh


   Skills:
 + Level 3.8 Fighting
 + Level 5.6 Short Blades
 - Level 2.1 Throwing
 + Level 2.1 Armour
 + Level 5.0 Dodging


You had 5 spell levels left.
You didn't know any spells.
Your spell library was empty.

Dungeon Overview and Level Annotations

Branches:
Dungeon (3/15)

Altars:
Uskayaw
Zin


Innate Abilities, Weirdness & Mutations

You are small and have problems with some larger weapons.
You are carnivorous and can eat meat at any time.


Message History

The leopard gecko bites you but does no damage.
The orc hits you but does no damage. The leopard gecko barely misses you.
You barely miss the orc. The orc hits you but does no damage.
The leopard gecko barely misses you.
The orc priest calls down the wrath of Beogh upon you.
Beogh smites you!
* * * LOW HITPOINT WARNING * * *
You hit the orc.
The orc is heavily wounded.
The leopard gecko bites you but does no damage.
The orc closely misses you. The orc priest closely misses you.
It was a potion of might.
You feel very mighty all of a sudden. The leopard gecko barely misses you.
The orc barely misses you.
Unknown command.
You puncture the orc priest!
The orc priest is severely wounded.
The orc priest calls down the wrath of Beogh upon you.
Pain shoots through your body!
You die...

#..####...
#........#
#......o.#
#.§......#
#..§§.§.[#
#..§.§...#
#...§§...#
#.ol§§§..#
#..@o§...#
##########


You could see an orc priest, an orc and a leopard gecko.

Vanquished Creatures
  Sigmund (D:3)
  An iguana (D:4)
  A worm (D:2)
  2 dart slugs (D:1)
  4 leopard geckos
  An orc (D:4)
  A ball python (D:2)
  6 bats
  3 giant cockroaches
  7 goblins
  4 hobgoblins
  4 kobolds
  3 frilled lizards
  5 rats
43 creatures vanquished.

Notes
Turn   | Place    | Note
-------+----------+-------------------------------------------
     0 | D:1      | Borgoz the Kobold Gladiator began the quest for the Orb.
     0 | D:1      | Reached XP level 1. HP: 12/12 MP: 1/1
    35 | D:1      | Reached XP level 2. HP: 18/18 MP: 2/2
   278 | D:1      | Reached XP level 3. HP: 17/22 MP: 3/3
   903 | D:2      | Found a faded altar of an unknown god.
  1011 | D:2      | Reached skill level 1 in Armour
  1175 | D:2      | Found a hide-covered altar of Uskayaw.
  1242 | D:2      | Reached XP level 4. HP: 15/27 MP: 4/4
  1503 | D:2      | Found a glowing silver altar of Zin.
  1644 | D:3      | Noticed Sigmund
  1654 | D:3      | Killed Sigmund
  1654 | D:3      | Reached skill level 5 in Short Blades
  1654 | D:3      | Reached XP level 5. HP: 17/33 MP: 5/5
  1654 | D:3      | Reached XP level 6. HP: 20/38 MP: 6/6
  1864 | D:3      | You fall through a shaft!
  1873 | D:4      | Reached skill level 5 in Dodging
  1881 | D:4      | Killed from afar by an orc priest

Levels and vault maps discovered:
D:1:      mrwooster_arrival_arrow, layout_loops_ring, chequers_arboretum,
          hangedman_decor_riveting, minmay_indecisive_spiral
D:2:      layout_basic, overflow_temple_1_default, zin_treasury,
          chequers_ecumenical_altar_island, nrook_loot_triangle,
          minmay_misc_feat_plants
D:3:      layout_basic, guppyfry_early_orc_mine, uniq_sigmund
D:4:      layout_rooms, marbit_many_paths, first_ration, uniq_blork_the_orc,
          uniq_edmund

Skill      XL: |  1  2  3  4  5  6 |
---------------+-------------------+-----
Dodging        | 4 5 |  5.0
Armour         | 1 2 |  2.1
Fighting       | 3 |  3.8
Short Blades   | 5 |  5.6
Throwing       | |  2.1

Action                   |  1- 3 |  4- 6 || total
-------------------------+-------+-------++-------
Melee: Rapier            |   132 |    32 ||   164
Throw: Throwing net      |       |     1 ||     1
  Use: Scroll            |       |     4 ||     4
       Potion            |       |     1 ||     1
 Stab: Sleeping          |     2 |       ||     2
  Eat: Chunk             |     8 |     4 ||    12
Armor: Leather armour    |    23 |     5 ||    28
Dodge: Dodged            |   129 |    36 ||   165

Table legend:
 A = Non-vault XP
 B = Vault XP
 C = Vault XP percentage of total XP
 D = Non-vault monster count
 E = Vault monster count
 F = Vault count percentage of total count
                 A         B        C        D         E       F
            +---------+---------+-------+---------+---------+-------
      Total |     109 |     239 |  68.7 |      38 |       5 |  11.6
            +---------+---------+-------+---------+---------+-------
        D:1 |      35 |      12 |  25.5 |      20 |       4 |  16.7
        D:2 |      25 |       0 |   0.0 |      13 |       0 |   0.0
        D:3 |       7 |     227 |  97.0 |       3 |       1 |  25.0
        D:4 |      42 |       0 |   0.0 |       2 |       0 |   0.0
            +---------+---------+-------+---------+---------+-------
